Map: Ulrena

Players

NoniOne

  • Race: Zerg Zerg
  • League: Diamond

Iceman - Winner!

  • Race: Zerg Zerg
  • League: Platinum

VOD

Have the link to the VOD?

Description

Time

  • Played on: Jan. 3, 2016, 10:04 a.m.
  • Length: 12:43
Show
View Real Time Build Order
Export as new Build Order

NoniOne Zerg 

Build Orders: Hatch First, Muta Ling Bane 

Get SALT Encoding   

  12  0:07  Drone  
  12  0:12  Overlord  
  13  0:18  Drone  
  14  0:31  Drone x2  
  16  0:39  Drone  
  17  0:53  Hatchery  
  17  0:56  Extractor  
  15  1:10  Spawning Pool  
  14  1:26  Drone x2  
  14  1:27  Drone  
  17  1:41  Overlord  
  17  1:57  Queen  
  17  1:59  Metabolic Boost  
  19  2:06  Queen  
  21  2:10  Zergling x2  
  21  2:11  Zergling x2  
  21  2:15  Zergling x2  
  24  2:19  Zergling x2  
  25  2:30  Baneling Nest  
  25  2:35  Drone x2  
  26  2:40  Drone  
  27  2:44  Drone  
  28  2:54  Drone x2  
  28  2:58  Drone x2  
  29  3:15  Drone  
  29  3:16  Drone x3  
  33  3:20  Drone x2  
  33  3:25  Overlord  
  35  3:31  Zergling x2  
  35  3:47  Zergling x6  
  37  3:51  Zergling x2  
  37  3:52  Zergling x6  
  37  3:54  Zergling x2  
  37  3:55  Zergling x4  
  39  4:03  Zergling x4  
  39  4:09  Queen  
  41  4:10  Extractor  
  41  4:16  Baneling  
  40  4:17  Baneling x3  
  39  4:25  Zergling x8  
  40  4:35  Zergling x4  
  39  4:42  Zergling x2  
  36  4:46  Zergling x2  
  28  5:00  Lair  
  28  5:01  Drone  
  28  5:04  Baneling  
  28  5:05  Baneling x3  
  28  5:06  Baneling x3  
  29  5:12  Drone x2  
  31  5:15  Drone  
  31  5:18  Drone  
  33  5:25  Drone  
  34  5:35  Queen  
  36  5:38  Drone x2  
  35  5:45  Drone x3  
  38  6:00  Spire  
  38  6:04  Drone x4, Extractor  
  39  6:05  Extractor  
  39  6:09  Drone  
  40  6:15  Drone x3  
  43  6:25  Drone  
  44  6:37  Overlord x2  
  44  6:53  Centrifical Hooks  
  44  6:55  Drone  
  44  6:56  Drone x3  
  44  6:57  Drone x2  
  50  7:04  Zergling x2  
  50  7:12  Mutalisk x2  
  54  7:21  Mutalisk x3  
  58  7:33  Mutalisk  
  58  7:35  Overlord x2  
  57  7:44  Mutalisk  
  59  8:02  Hatchery  
  58  8:16  Mutalisk  
  58  8:17  Mutalisk x5  
  70  8:24  Zergling x6  
  71  8:52  Overlord x2  
  71  8:53  Overlord  
  69  9:00  Evolution Chamber, Hatchery, Queen  
  69  9:01  Evolution Chamber  
  68  9:05  Baneling x2  
  68  9:06  Baneling x2  
  68  9:11  Drone x2, Overlord  
  68  9:13  Drone x6  
  76  9:18  Overlord  
  72  9:36  Mutalisk  
  70  9:39  Zerg Flyer Weapons Level 1  
  70  9:45  Mutalisk x2  
  70  9:46  Mutalisk x4  
  81  9:56  Zerg Melee Weapons Level 1  
  80  10:05  Zerg Ground Armor Level 1  
  80  10:09  Mutalisk  
  82  10:17  Zergling x2  
  82  10:18  Zergling x16  
  91  10:30  Queen  
  91  10:31  Drone x5  
  91  10:35  Overlord x2  
  98  10:36  Baneling x2  
  98  10:40  Drone  
  99  10:55  Drone x5  
  104  10:57  Extractor  
  104  10:58  Extractor  
  102  11:08  Drone x2  
  102  11:09  Drone x3  
  107  11:13  Overlord  
  107  11:23  Mutalisk  
  107  11:24  Mutalisk x5  
  119  11:36  Mutalisk  
  120  11:45  Zergling x2  
  120  11:46  Zergling x18  
  92  12:05  Baneling x9  
  92  12:06  Baneling x3  
  71  12:14  Zergling x4  
  71  12:15  Zergling x8  
Show
View Real Time Build Order
Export as new Build Order

Iceman Zerg - Winner!

Build Orders: 3 Hatch before Pool 

Get SALT Encoding   

  12  0:01  Drone  
  13  0:12  Overlord  
  13  0:17  Drone  
  14  0:30  Drone  
  14  0:31  Drone  
  16  0:36  Drone  
  17  0:55  Hatchery  
  16  1:00  Drone  
  17  1:32  Hatchery  
  16  1:34  Spawning Pool  
  16  1:37  Extractor  
  16  1:39  Drone  
  15  1:44  Drone  
  16  1:54  Drone x2  
  16  2:00  Drone  
  19  2:14  Drone  
  20  2:22  Queen  
  22  2:23  Spine Crawler  
  22  2:25  Zergling x2  
  22  2:26  Zergling x2  
  23  2:34  Drone  
  24  2:37  Metabolic Boost  
  24  2:40  Zergling x2  
  24  2:42  Drone  
  26  2:44  Drone  
  26  2:48  Zergling x2  
  28  2:51  Zergling x2  
  28  2:54  Zergling x2  
  29  2:58  Zergling x2  
  29  3:01  Zergling x2  
  30  3:06  Drone x2  
  32  3:14  Baneling Nest  
  32  3:16  Drone  
  32  3:18  Drone  
  33  3:24  Drone  
  34  3:28  Overlord  
  34  3:35  Overlord  
  34  3:46  Overlord  
  34  3:51  Zergling x10  
  34  3:52  Zergling x2  
  38  3:58  Zergling x6  
  38  4:01  Zergling x2  
  40  4:05  Zergling x4  
  40  4:09  Zergling x2  
  42  4:10  Zergling x2  
  42  4:16  Overlord  
  41  4:27  Baneling x3  
  41  4:28  Zergling x6  
  41  4:29  Zergling x2  
  41  4:33  Zergling x2  
  41  4:37  Zergling x2  
  38  4:44  Zergling x4  
  40  4:50  Zergling x8  
  40  4:51  Zergling x2  
  44  4:57  Zergling x2  
  42  5:00  Zergling x2  
  42  5:03  Baneling x2  
  42  5:06  Baneling x3  
  44  5:07  Zergling x4  
  44  5:10  Baneling x2, Zergling x2  
  44  5:13  Drone  
  47  5:17  Lair  
  47  5:18  Zergling x2  
  48  5:25  Drone  
  48  5:26  Drone x2  
  51  5:33  Drone, Extractor  
  51  5:35  Extractor  
  50  5:36  Drone x2  
  51  5:43  Drone  
  51  5:46  Drone x3  
  51  5:47  Drone  
  56  5:52  Drone, Extractor  
  56  6:03  Spore Crawler  
  55  6:04  Drone x2  
  55  6:05  Spore Crawler, Drone  
  55  6:07  Drone  
  55  6:09  Drone  
  59  6:14  Overlord  
  59  6:20  Drone x2  
  59  6:21  Drone  
  59  6:22  Drone  
  63  6:32  Spire  
  62  6:33  Drone x2  
  62  6:37  Drone  
  62  6:38  Drone  
  66  6:50  Overlord  
  66  6:53  Spine Crawler, Extractor  
  64  6:54  Extractor  
  63  7:12  Drone x3, Overlord  
  63  7:13  Overlord x2  
  66  7:21  Drone, Overlord  
  66  7:22  Overlord  
  66  7:23  Baneling x3  
  66  7:27  Overlord x2  
  66  7:36  Overlord x2  
  66  7:43  Mutalisk x4  
  72  7:46  Mutalisk  
  72  7:49  Mutalisk  
  76  7:56  Zergling x2  
  76  7:58  Spore Crawler, Mutalisk  
  76  7:59  Mutalisk  
  76  8:04  Mutalisk  
  82  8:07  Mutalisk  
  82  8:12  Mutalisk x2  
  84  8:21  Mutalisk  
  84  8:24  Zergling x8  
  84  8:25  Zergling x4  
  92  8:31  Mutalisk  
  83  8:41  Zergling x6  
  83  8:42  Zergling x4  
  83  8:46  Mutalisk  
  83  8:48  Zergling x4  
  80  8:49  Zergling x2  
  80  8:52  Spore Crawler  
  80  8:55  Spore Crawler  
  74  9:00  Spore Crawler  
  74  9:01  Mutalisk x2  
  73  9:05  Zergling x4  
  73  9:06  Drone  
  76  9:18  Drone x3  
  76  9:19  Hydralisk Den  
  77  9:39  Spore Crawler  
  77  9:40  Drone x7  
  77  9:45  Zergling x2  
  84  9:46  Zergling x2  
  84  9:48  Queen x2  
  84  9:50  Queen  
  90  9:59  Zergling x12  
  90  10:05  Overlord, Muscular Augments  
  90  10:07  Overlord  
  90  10:13  Hydralisk  
  92  10:14  Hydralisk  
  92  10:17  Hydralisk  
  92  10:20  Hydralisk  
  95  10:25  Hydralisk  
  95  10:28  Hydralisk  
  96  10:32  Hydralisk  
  96  10:33  Evolution Chamber  
  96  10:35  Hydralisk  
  99  10:38  Hydralisk  
  99  10:41  Hydralisk  
  105  10:46  Drone x2  
  107  10:50  Hydralisk  
  107  10:52  Hydralisk  
  111  10:57  Hydralisk  
  111  11:00  Spore Crawler, Hydralisk  
  111  11:03  Hydralisk  
  116  11:07  Hydralisk  
  118  11:13  Hydralisk  
  118  11:16  Hydralisk  
  122  11:23  Hydralisk x2  
  122  11:25  Hydralisk  
  124  11:29  Hydralisk x3  
  128  11:35  Hydralisk x2  
  128  11:49  Overlord x2, Zergling x2  
  128  11:50  Overlord  
  127  11:59  Hydralisk  
  129  12:01  Hydralisk x2  
  129  12:02  Hydralisk  
Tags
 
Add a new tag
Caveats
  • Supply blocks, unpowered buildings, or Contaminate may cause inaccurate times.
  • Supply counts are checked every 10 seconds.